 Dungeon Crawl Stone Soup version 0.30.1-3-gfc49f6343a (webtiles) character file.

Game seed: 16993448793201669190

170 Destapler the Covered (level 5, -12/47 HPs)
             Began as a Minotaur Fighter on July 24, 2023.
             Mangled by Edmund
             ... wielding a +4 dire flail of protection
              (14 damage)
             ... on level 3 of the Dungeon.
             The game lasted 00:04:35 (1899 turns).

Destapler the Covered (Minotaur Fighter)            Turns: 1899, Time: 00:04:36

Health: -12/47     AC:  7    Str: 21 (23) XL:     5   Next: 26%
Magic:  4/4        EV: 10    Int:  2 (5)  God:
Gold:   133        SH:  4    Dex:  7 (9)  Spells: 4/4 levels left

rFire   + . .        a - +0 flail
rCold   + . .        c - +0 buckler
rNeg    . . .        b - +0 scale mail
rPois   +            (helmet restricted)
rElec   +            (no cloak)
rCorr   +            (no gloves)
SInv    .            (no boots)
Will    +....        (no amulet) Stlth
                     o - ring of willpower
HPRegen 0.27/turn    (no ring)
MPRegen 0.09/turn

%: no passive effects
@: resistant, attractive
A: horns 2, retaliatory headbutt
a: no special abilities


You were on level 3 of the Dungeon.
You visited 1 branch of the dungeon, and saw 6 of its levels.

You collected 133 gold pieces.

Inventory:

Hand Weapons
 a - a +0 flail (weapon)
Armour
 b - a +0 scale mail (worn)
 c - a +0 buckler (worn)
Jewellery
 o - a ring of willpower (left hand)
Wands
 m - a wand of iceblast (6)
Scrolls
 e - a scroll of identify
 k - 2 scrolls of teleportation {unknown}
 l - 2 scrolls of immolation {unknown}
 p - a scroll of enchant weapon {unknown}
 q - a scroll of poison {unknown}
 r - a scroll of amnesia {unknown}
 s - a scroll of silence {unknown}
 t - a scroll of vulnerability {unknown}


   Skills:
 + Level 4.7 Fighting
 - Level 2.4 Maces & Flails
 + Level 2.4 Ranged Weapons
 + Level 4.7 Armour
 + Level 2.6 Dodging
 - Level 3.6 Shields


You had 4 spell levels left.
You didn't know any spells.
Your spell library contained the following spells:

 Spells                   Type           Power      Damage    Failure   Level
 Cigotuvi's Dreadful Rot  Necr/Pois/Air  0%         N/A       97%         2
 Dispel Undead            Necr           0%         3d6       100%        4
 Death Channel            Necr           0%         N/A       100%        6


Dungeon Overview and Level Annotations

Branches:
Dungeon (6/15)
 Temple: D:4-7

Altars:
Ashenzari

Shops:
D:1 *

Annotations:
D:3 Edmund


Innate Abilities, Weirdness & Mutations

You have a pair of horns on your head.
You reflexively headbutt those who attack you in melee.


Message History

You feel less confused.
Edmund hits you with a +4 dire flail of protection!
* * * LOW HITPOINT WARNING * * *
It was a potion of resistance.
You feel protected. You block Edmund's attack.
It was a potion of degeneration.
There was something very wrong with that liquid.
You feel weakened.
You feel dopey.
You feel clumsy.
Edmund hits you with a +4 dire flail of protection!
* * * LOW HITPOINT WARNING * * *
It was a potion of magic.
Magic courses through your body.
Edmund hits you with a +4 dire flail of protection.
* * * LOW HITPOINT WARNING * * *
You feel better.
Edmund hits you with a +4 dire flail of protection.
* * * LOW HITPOINT WARNING * * *
It was a potion of attraction.
You feel attractive to monsters. Edmund hits you but does no damage.
You closely miss Edmund.
Edmund is moderately wounded.
Edmund hits you with a +4 dire flail of protection!
* * * LOW HITPOINT WARNING * * *
Edmund barely misses you. You furiously retaliate!
You headbutt Edmund!
You feel better.
Edmund says, "People will remember me!
They'll remember me and die!"
Edmund hits you with a +4 dire flail of protection.
* * * LOW HITPOINT WARNING * * *
You aren't carrying any potions.
Unknown command.
As you read the scroll labelled RIRICE PYHACE, it crumbles to dust.
You hear a loud clanging noise!
It was a scroll of noise.
You hear an angry hiss. x2; You hear a shout!
Edmund closely misses you.
You sock Edmund! Your headbutt misses Edmund.
Edmund is severely wounded.
Edmund hits you with a +4 dire flail of protection!
You die...

############
#.##>.......
###.....#.#.##
#......@..#.###
#.#....@.......
#.#<.......####
#.#............
#.#.##.#..###..
#........... .
###....#..##
........# ####.
.##


You could see Edmund.

Vanquished Creatures
  A hound (D:5)
  3 gnolls (D:2)
  3 adders
  5 worms (D:2)
  A dart slug (D:2)
  An orc (D:5)
  7 ball pythons
  5 bats
  5 endoplasms
  4 giant cockroaches
  2 goblins
  5 hobgoblins
  4 jackals (D:1)
  2 quokkas
  6 frilled lizards (D:1)
  9 kobolds
  3 rats
66 creatures vanquished.

Notes
Turn   | Place    | Note
-------+----------+-------------------------------------------
     0 | D:1      | Destapler the Minotaur Fighter began the quest for the Orb.
     0 | D:1      | Reached XP level 1. HP: 19/19 MP: 0/0
   211 | D:1      | Found Qegafi's General Store.
   222 | D:1      | Reached XP level 2. HP: 23/27 MP: 1/1
   282 | D:1      | Reached skill level 1 in Dodging
   283 | D:1      | Reached skill level 1 in Ranged Weapons
   457 | D:1      | Reached XP level 3. HP: 33/33 MP: 2/2
   808 | D:2      | Found a broken altar of Ashenzari.
   994 | D:2      | Reached XP level 4. HP: 41/41 MP: 3/3
  1729 | D:3      | You fall into a shaft and drop 3 floors!
  1749 | D:5      | Entered Level 5 of the Dungeon
  1762 | D:5      | Reached XP level 5. HP: 46/47 MP: 4/4
  1839 | D:4      | Noticed a phantom
  1874 | D:4      | Noticed Edmund
  1896 | D:3      | HP: 1/47 [Edmund/+4 dire flail of protection (8)]
  1899 | D:3      | Mangled by Edmund

Illustrated notes

Levels and vault maps discovered:
D:1:      dpeg_arrival_rooms_c, layout_loops_corners, serial_shops, shop
D:2:      layout_basic, basic_altar, minmay_misc_feat_square,
          minmay_misc_feat_roman, minmay_close_crescents
D:3:      layout_basic
D:4:      layout_basic, minmay_overflow_temple_star_quad, temple_statues,
          serial_shops, nicolae_shop_real_fake_doors, uniq_edmund
D:5:      layout_basic, marbit_many_paths, lemuel_tele_altar,
          chequers_serial_rivers_small_b, uniq_blork_the_orc
D:6:      layout_rooms, amethyst_overflow_temple_binary, serial_bayou_crossing

Skill      XL: |  1  2  3  4 |
---------------+-------------+-----
Dodging        | 1 2 |  2.6
Ranged Weapons | 1 2 |  2.4
Fighting       | 4 |  4.7
Armour         | 4 |  4.7
Maces & Flails | |  2.4
Shields        | |  3.6

Action                     |  1- 3 |  4- 6 || total
---------------------------+-------+-------++-------
  Melee: Flail             |    76 |    56 ||   132
         Headbutt          |    12 |    11 ||    23
    Use: Potion            |       |     8 ||     8
         Scroll            |       |     2 ||     2
 Armour: Scale mail        |    39 |    27 ||    66
  Dodge: Dodged            |    29 |    36 ||    65
  Block: Buckler           |    21 |     9 ||    30
